 Dungeon Crawl Stone Soup version 0.31-a0-200-gbc41564c69 (webtiles) character file.

Game seed: 7535387087753462607

196 qw the Skirmisher (level 5, 0/29 HPs)
             Began as a Deep Elf Hunter on June 25, 2023.
             Was an Initiate of Okawaru.
             Slain by a black bear (11 damage)
             ... on level 4 of the Dungeon.
             The game lasted 00:01:17 (2803 turns).

qw the Skirmisher (Deep Elf Hunter)                 Turns: 2803, Time: 00:01:18

Health: 0/29       AC:  8    Str: 10    XL:     5   Next: 45%
Magic:  7/7        EV:  9    Int: 14    God:    Okawaru [......]
Gold:   92         SH:  0    Dex: 18    Spells: 4/4 levels left

rFire   . . .        Y - +0 shortbow
rCold   . . .        (shield currently unavailable)
rNeg    . . .        d - +0 scale mail
rPois   .            (no helmet)
rElec   .            (no cloak)
rCorr   .            f - +1 pair of gloves
SInv    .            (no boots)
Will    .....        (no amulet)
Stlth   +            (no ring)
HPRegen 0.24/turn    (no ring)
MPRegen 0.10/turn

%: no passive effects
@: no status effects
A: no striking features
a: Renounce Religion


You were on level 4 of the Dungeon.
You worshipped Okawaru.
Okawaru was noncommittal.
You visited 1 branch of the dungeon, and saw 4 of its levels.

You collected 125 gold pieces.
You spent 33 gold pieces at shops.


   Skills:
 - Level 1.5 Fighting
 - Level 9.0 Ranged Weapons
 + Level 0.1 Armour
 - Level 2.4 Dodging
 - Level 1.2 Stealth


You had 4 spell levels left.
You didn't know any spells.
Your spell library was empty.

Inventory:

Hand Weapons
 Y - a +0 shortbow (weapon)
Armour
 d - a +0 scale mail (worn)
 f - a +1 pair of gloves (worn)
Scrolls
 e - a scroll of identify
 g - a scroll of teleportation
Potions
 a - a potion of attraction {unknown}
 b - 2 potions of ambrosia {unknown}
 c - a potion of mutation {unknown}
 h - a potion of enlightenment {unknown}
 j - a potion of haste
 k - a potion of curing
 l - a potion of brilliance {unknown}

Dungeon Overview and Level Annotations

Branches:
Dungeon (4/15)
 Temple: D:4-7

Altars:
Okawaru

Shops:
D:2 !

Annotations:
D:4 exclusion: 2 hobgoblins


Message History

Enter note:
Enter note: You shoot an arrow.
The black bear growls angrily.
The arrow hits the black bear.
The black bear is lightly wounded.
You shoot an arrow. The arrow barely misses the black bear.
You shoot an arrow. The arrow hits the black bear.
The black bear is moderately wounded.
You shoot an arrow. The arrow hits the black bear!
The black bear is heavily wounded.
You shoot an arrow.
The arrow closely misses the black bear.
You shoot an arrow. The arrow hits the black bear.
The black bear is severely wounded.
The black bear closely misses you. The black bear claws you.
The black bear barely misses you.
You shoot an arrow. The arrow hits the black bear.
The black bear is severely wounded.
The black bear closely misses you. The black bear misses you.
The black bear claws you but does no damage.
The black bear bites you but does no damage.
The black bear claws you but does no damage. x2
You shoot an arrow. The arrow hits the black bear.
The black bear is almost dead.
The black bear goes berserk!
You shoot an arrow. The arrow hits the black bear.
The black bear is almost dead.
The black bear bites you. The black bear closely misses you.
The black bear barely misses you. The black bear bites you!
The black bear claws you. The black bear closely misses you.
You shoot an arrow. The arrow barely misses the black bear.
The black bear closely misses you. The black bear claws you.
The black bear closely misses you.
The black bear bites you but does no damage.
The black bear claws you.
The black bear claws you but does no damage.
You shoot an arrow. The arrow barely misses the black bear.
The black bear bites you!
You die...

#########.## ### ## # ###...# ..#
# # #...#.# ##.## # ## #.#...#
... ## .## #.##### #.# ##. ..##
#.#### #.# ##.. .).###.##.##
##.## ##...
....##.#...###########...####....
....'...........@h..........'....
....##.#...###########...####....
...###.##.## ##...# ##... ..##
#.#### ###.# ##.. .#####.#### .#
##. ###.......### !# ## #
#.##.##...# .# ###.##......#
......###...#


You could see a black bear (berserk).

Vanquished Creatures
  Blork the orc (D:4)
  3 adders
  2 worms
  6 orcs
  12 ball pythons
  6 endoplasms
  4 giant cockroaches
  6 goblins
  6 hobgoblins
  7 jackals
  6 kobolds
  2 quokkas (D:3)
  6 bats
  13 frilled lizards
  2 rats (D:1)
82 creatures vanquished.

Notes
Turn   | Place    | Note
-------+----------+-------------------------------------------
     0 | D:1      | qw the Deep Elf Hunter began the quest for the Orb.
     0 | D:1      | Reached XP level 1. HP: 12/12 MP: 3/3
     0 | D:1      | 0 ||| qw: Version: 0.3-a-22-g0ed2b0b
     0 | D:1      | 0 ||| qw: Game counter: 5675
     0 | D:1      | 0 ||| qw: Melee chars always use a shield: true
     0 | D:1      | 0 ||| qw: God list: Okawaru
     0 | D:1      | 0 ||| qw: Allow faded altars: false
     0 | D:1      | 0 ||| qw: Do Orc after clearing Dungeon:15 true
     0 | D:1      | 0 ||| qw: Do second Lair branch before Depths: true
     0 | D:1      | 0 ||| qw: Lair rune preference: random
     0 | D:1      | 0 ||| qw: Goals: Normal
     0 | D:1      | 0 ||| PLANNING D:1-11
   174 | D:1      | Reached XP level 2. HP: 16/16 MP: 4/4
   184 | D:1      | Reached skill level 6 in Ranged Weapons
   617 | D:1      | 617 ||| UPGRADING to +1 pair of gloves.
   622 | D:1      | 622 ||| READING scroll labelled JYFOCU GYFOTA.
   623 | D:1      | 623 ||| READING 2 scrolls labelled ITYIRA FEMAI.
   624 | D:1      | 624 ||| READING 2 scrolls labelled NUTROL HA TIS.
   628 | D:1      | 628 ||| DROPPING scroll of butterflies.
   661 | D:2      | Found an iron altar of Okawaru.
   662 | D:2      | 662 ||| PLANNING OKAWARU WORSHIP
   675 | D:2      | Reached XP level 3. HP: 20/20 MP: 5/5
   676 | D:2      | Became a worshipper of Warmaster Okawaru
   677 | D:2      | 677 ||| PLANNING D:1-11
   913 | D:2      | Reached skill level 7 in Ranged Weapons
   933 | D:2      | Found Mob Gaz's Distillery.
   940 | D:2      | 940 ||| BUYING potion of curing (33 gold).
   940 | D:2      | Bought a potion of curing for 33 gold pieces
   940 | D:2      | 940 ||| SHOPLISTING potion of curing (33 gold, have 13).
   940 | D:2      | 940 ||| SHOPLISTING potion of enlightenment (55 gold, have
                  | 13).
   940 | D:2      | 940 ||| SHOPLISTING potion of might (44 gold, have 13).
  1110 | D:2      | 1110 ||| UPGRADING to +0 scale mail.
  1120 | D:2      | 1120 ||| DROPPING +0 leather armour.
  1121 | D:2      | 1121 ||| DROPPING ring of wizardry.
  1122 | D:2      | 1122 ||| READING scroll labelled QASEMURAKA.
  1223 | D:2      | 1223 ||| DRINKING 2 fizzy pink potions.
  1327 | D:2      | 1327 ||| DRINKING 2 glowing ruby potions.
  1328 | D:2      | 1328 ||| READING 2 scrolls of identify.
  1328 | D:2      | 1328 ||| IDENTIFYING silvery potion
  1329 | D:2      | 1329 ||| DROPPING potion of berserk rage.
  1330 | D:2      | 1330 ||| DROPPING potion of lignification.
  1598 | D:3      | Reached XP level 4. HP: 25/25 MP: 6/6
  1891 | D:3      | 1891 ||| READING scroll labelled UJEYGG VALA.
  1967 | D:4      | HP: 5/25 [hobgoblin/+0 scythe (8)]
  1968 | D:4      | 1968 ||| READING scroll of teleportation.
  2124 | D:4      | 2124 ||| READING scroll labelled YKAMAO PINUFOHE.
  2244 | D:4      | Noticed Blork the orc
  2253 | D:4      | Killed Blork the orc
  2254 | D:4      | Reached skill level 8 in Ranged Weapons
  2254 | D:4      | Reached XP level 5. HP: 26/29 MP: 7/7
  2554 | D:4      | Reached skill level 9 in Ranged Weapons
  2792 | D:4      | Noticed a black bear
  2803 | D:4      | Slain by a black bear

Levels and vault maps discovered:
D:1:      minmay_arrival_arboretum_large, layout_loops_ring, minmay_lizard_pond
D:2:      layout_rooms, basic_altar, serial_shops,
          nicolae_shop_industrial_runoff
D:3:      layout_basic, minmay_lizard_king
D:4:      layout_loops_corners, sigmund_army, uniq_blork_the_orc, uniq_edmund

Skill      XL: |  1  2  3  4  5 |
---------------+----------------+-----
Ranged Weapons | 6 7 8 9 |  9.0
Fighting       | |  1.5
Armour         | |  0.1
Dodging        | |  2.4
Stealth        | |  1.2

Action                     |  1- 3 |  4- 6 || total
---------------------------+-------+-------++-------
   Fire: Shortbow          |   163 |    98 ||   261
    Use: Scroll            |     5 |     3 ||     8
         Potion            |     2 |       ||     2
 Armour: Leather armour    |     7 |       ||     7
         Scale mail        |    16 |    34 ||    50
  Dodge: Dodged            |    28 |    50 ||    78

Table legend:
 A = Non-vault XP
 B = Vault XP
 C = Vault XP percentage of total XP
 D = Non-vault monster count
 E = Vault monster count
 F = Vault count percentage of total count
                 A         B        C        D         E       F
            +---------+---------+-------+---------+---------+-------
      Total |     167 |     113 |  40.4 |      70 |      12 |  14.6
            +---------+---------+-------+---------+---------+-------
        D:1 |      32 |       5 |  13.5 |      21 |       5 |  19.2
        D:2 |      29 |       0 |   0.0 |      15 |       0 |   0.0
        D:3 |      43 |       4 |   8.5 |      18 |       4 |  18.2
        D:4 |      63 |     104 |  62.3 |      16 |       3 |  15.8
            +---------+---------+-------+---------+---------+-------
